 Dungeon Crawl Stone Soup version 0.21.1-1-g345015f (webtiles) character file.

482 nicolaieve the Magician (level 6, -9/34 HPs)
             Began as a Deep Elf Conjurer on June 8, 2018.
             Was an Initiate of Vehumet.
             Mangled by an orc wizard
             ... wielding a +0 quarterstaff
              (10 damage)
             ... on level 4 of the Dungeon.
             The game lasted 00:36:59 (3844 turns).

nicolaieve the Magician (Deep Elf Conjurer)         Turns: 3844, Time: 00:36:59

Health: -9/34      AC:  4    Str:  7    XL:     6   Next: 87%
Magic:  12/17      EV: 13    Int: 20    God:    Vehumet [......]
Gold:   254        SH:  0    Dex: 15    Spells: 15/18 levels left

rFire    . . .     SeeInvis .   x - +4 dagger
rCold    . . .     Gourm    .   (no shield)
rNeg     . . .     Faith    .   a - +0 robe
rPois    .         Spirit   .   (no helmet)
rElec    .         Reflect  .   l - +0 cloak
rCorr    .         Harm     .   (no gloves)
MR       .....                  p - +0 pair of boots
Stlth    ++........             (no amulet)
HPRegen  0.11/turn              (no ring)
MPRegen  0.15/turn              (no ring)

@: no status effects
A: no striking features
a: Renounce Religion


You were on level 4 of the Dungeon.
You worshipped Vehumet.
Vehumet was noncommittal.
You were not hungry.

You visited 1 branch of the dungeon, and saw 5 of its levels.

You collected 254 gold pieces.

Inventory:

Hand Weapons
 e - a -2 dagger
 f - a +0 short sword
 i - a +1 dagger
 x - a +4 dagger (weapon)
Missiles
 d - 82 stones (quivered)
 m - 63 bolts
 t - 5 needles of confusion
 v - 18 arrows
Armour
 a - a +0 robe (worn)
 l - a +0 cloak (worn)
 p - a +0 pair of boots (worn)
Wands
 r - a wand of flame (41)
Scrolls
 h - a scroll of amnesia
 k - a scroll of fog
 s - 4 scrolls of remove curse
 u - a scroll of identify {unknown}
 w - a scroll of teleportation
Potions
 g - a potion of heal wounds {unknown}
 j - 2 potions of curing {unknown}
 n - a potion of berserk rage {unknown}
 o - a potion of lignification {unknown}
 q - a potion of mutation {unknown}
Books
 b - a book of Conjurations

   Spells                             Type                      Level
   a - Magic Dart                     Conjuration                  1
   b - Searing Ray                    Conjuration                  2
   c - Dazzling Spray                 Conjuration/Hexes            3
   d - Fulminant Prism                Conjuration/Hexes            4
   e - Force Lance                    Conjuration/Translocation    4
   f - Iskenderun's Mystic Blast      Conjuration                  4
Comestibles
 c - 10 rations
 z - 2 chunks of flesh


   Skills:
 * Level 1.6 Fighting
 - Level 2.0 Short Blades
 - Level 3.0 Dodging
 - Level 3.0 Stealth
 * Level 6.5 Spellcasting
 + Level 6.3 Conjurations


You had 15 spell levels left.
You knew the following spells:

 Your Spells              Type           Power        Failure   Level  Hunger
a - Magic Dart            Conj           ####         1%          1    None
b - Searing Ray           Conj           ####..       1%          2    None


Dungeon Overview and Level Annotations

Branches:
Dungeon (5/15)             Temple (0/1) D:5

Altars:
Ashenzari
Dithmenos
Gozag
Nemelex Xobeh
Qazlal
Vehumet

Shops:
D:5 :

Annotations:
D:3 Megalobster's ghost, amateur MfBe
D:4 4thArraOfDagon's ghost, weakling DDNe


Message History

Aim: an orc, wielding a war axe The magic dart hits the orc.
The orc is almost dead.
Something hits you but does no damage.
You hear some strange, mumbled words.
A magic dart appears from out of thin air!
The magic dart hits you!
* * * LOW HITPOINT WARNING * * *
Casting: Magic Dart
Confirm with . or Enter, or press ? or * to list all spells.
Aiming: Magic Dart
Press: ? - help, Shift-Dir - straight line, f/p - orc
Aim: an orc, wielding a war axe (almost dead)
The magic dart hits the orc.
You kill the orc!
Vehumet accepts your kill. Something hits you!
* * * LOW HITPOINT WARNING * * *
Something barely misses you. Something hits you!
You die...

...........##...#
#..##........##.##
#..#...P..P......##
#..#...........#..######
..#....P......P..........#
..#..................#...#
..............[..........#
..#....P......P..<.#._.#.#
..#..#..........@[.......#
..#..#...P..P...)..).#....#
.....##.......)#..........#
..>........).#............#
..#.############..#########
##..# #.......# #..#
#.⌠.⌠#.## ##..# #.._...#
....## ##⌠.⌠..#


There were no monsters in sight!

Vanquished Creatures
  A scorpion (D:4)
  2 orc priests (D:3)
  A hound (D:4)
  A centaur skeleton (D:4)
  An orc wizard (D:3)
  2 bullfrog skeletons
  A worker ant (D:2)
  A hound skeleton (D:4)
  3 gnolls (D:2)
  A howler monkey skeleton (D:4)
  6 adders
  An ooze (D:3)
  A worm (D:2)
  A dart slug (D:2)
  2 leopard geckos
  8 orcs
  4 giant cockroaches
  4 goblins
  6 hobgoblins
  8 jackals
  10 kobolds
  3 quokkas
  9 bats
  10 frilled lizards
  2 leopard gecko skeletons (D:4)
  5 rats
94 creatures vanquished.

Notes
Turn   | Place    | Note
-------+----------+-------------------------------------------
     0 | D:1      | nicolaieve the Deep Elf Conjurer began the quest for the Orb.
     0 | D:1      | Reached XP level 1. HP: 10/10 MP: 6/6
   156 | D:1      | Reached XP level 2. HP: 15/15 MP: 1/8
   264 | D:1      | Reached skill level 5 in Conjurations
   865 | D:1      | Reached XP level 3. HP: 19/19 MP: 4/9
  1557 | D:2      | Reached XP level 4. HP: 24/24 MP: 6/11
  1741 | D:2      | Learned a level 2 spell: Searing Ray
  1809 | D:2      | Reached skill level 1 in Short Blades
  1898 | D:4      | Found a sparkling altar of Nemelex Xobeh.
  1907 | D:4      | Found a radiant altar of Vehumet.
  1958 | D:4      | Noticed an earth elemental
  1960 | D:4      | Found a stormy altar of Qazlal.
  1962 | D:4      | Noticed a water elemental
  1962 | D:4      | Noticed a fire elemental
  1962 | D:4      | Noticed an air elemental
  1993 | D:3      | Reached XP level 5. HP: 23/28 MP: 9/13
  2029 | D:3      | Reached skill level 1 in Fighting
  2036 | D:3      | Reached skill level 5 in Spellcasting
  2119 | D:3      | Found an opulent altar of Gozag.
  2183 | D:3      | Found a shadowy altar of Dithmenos.
  2287 | D:3      | Noticed Megalobster's ghost (amateur MfBe)
  2696 | D:4      | Noticed 4thArraOfDagon's ghost (weakling DDNe)
  2924 | D:4      | Reached XP level 6. HP: 32/34 MP: 12/15
  2945 | D:4      | Became a worshipper of Vehumet
  3330 | D:5      | Entered Level 5 of the Dungeon
  3330 | D:5      | Found Zin Siod's Book Boutique.
  3387 | D:5      | Found a shattered altar of Ashenzari.
  3440 | D:5      | Found a staircase to the Ecumenical Temple.
  3511 | D:5      | Noticed a sky beast
  3843 | D:4      | HP: 1/34 [something (7)]
  3844 | D:4      | Mangled by an orc wizard

Skill      XL: |  1  2  3  4  5  6 |
---------------+-------------------+-----
Conjurations   | 5 6 |  6.3
Stealth        | 3 |  3.0
Short Blades   | 1 2 |  2.0
Dodging        | 3 |  3.0
Spellcasting   | 4 5 6 |  6.5
Fighting       | 1 |  1.6

Action                   |  1- 3 |  4- 6 || total
-------------------------+-------+-------++-------
Melee: Unarmed           |     2 |       ||     2
       Dagger            |     1 |    17 ||    18
 Cast: Magic Dart        |    81 |   119 ||   200
       Searing Ray       |       |    17 ||    17
  Use: Scroll            |     1 |     8 ||     9
  Eat: Chunk             |     2 |     3 ||     5
       Ration            |       |     1 ||     1
Armor: Robe              |     4 |    22 ||    26
Dodge: Dodged            |    19 |    56 ||    75
